Map: 2000 Atmospheres LE

Players

Throwfordays - Winner!

  • Race: Terran Terran
  • League: Gold

Dyrgn

  • Race: Protoss Protoss

VOD

Have the link to the VOD?

Description

Time

  • Played on: Aug. 27, 2021, 4:53 p.m.
  • Length: 9:14
Show
View Real Time Build Order
Export as new Build Order

Throwfordays Terran - Winner!

Build Orders:  

Get SALT Encoding   

  12  0:00  SCV  
  13  0:12  SCV  
  14  0:20  Supply Depot  
  14  0:28  SCV  
  14  0:34  Refinery  
  15  0:40  Refinery  
  15  0:41  SCV  
  16  0:52  Barracks  
  16  1:05  SCV  
  16  1:07  Supply Depot  
  17  1:17  SCV  
  18  1:29  SCV  
  19  1:35  Barracks  
  19  1:39  Reaper  
  20  1:45  SCV  
  21  1:57  SCV  
  21  1:59  Barracks  
  22  2:11  Reaper  
  22  2:14  SCV  
  24  2:23  Barracks Reactor  
  24  2:24  Engineering Bay  
  24  2:31  SCV  
  25  2:43  Reaper  
  25  2:44  SCV  
  27  2:46  Barracks Reactor  
  27  2:53  Supply Depot  
  27  2:55  Terran Infantry Weapons Level 1  
  27  3:01  Reaper  
  27  3:02  Reaper  
  28  4:19  Reaper x5  
  31  5:00  Marine x3  
  31  5:01  Marine x2  
  31  5:06  Terran Infantry Armor Level 1, Supply Depot  
  36  5:09  Supply Depot  
  36  5:18  Marine x3  
  36  5:19  Command Center  
  39  5:28  Marine  
  41  5:30  Barracks Tech Lab  
  41  5:34  Supply Depot  
  40  5:36  Marine x3, Supply Depot  
  40  5:38  SCV  
  44  5:45  Marine  
  45  5:54  Marine x3  
  49  6:00  Marine  
  49  6:03  Marine  
  50  6:06  Combat Shield  
  50  6:07  Refinery  
  50  6:11  Refinery, Marine x2  
  50  6:12  Marine  
  53  6:18  Marine  
  53  6:21  Marine  
  53  6:25  SCV  
  56  6:29  Marine x3  
  59  6:36  Marine  
  59  6:37  SCV  
  59  6:39  Marine  
  62  6:45  SCV  
  63  6:47  Marine x3  
  63  6:49  SCV  
  67  6:54  Marine  
  67  6:57  Marine, SCV  
  70  7:01  SCV  
  70  7:05  Marine x3  
  74  7:10  SCV  
  74  7:13  SCV  
  67  8:20  Marine x5  
  68  8:35  Missile Turret  
  68  8:37  Marine  
  68  8:38  Marine x4  
  69  9:04  Missile Turret  
Show
View Real Time Build Order
Export as new Build Order

Dyrgn Protoss 

Build Orders:  

Get SALT Encoding   

  12  0:12  Pylon  
  12  0:25  Probe  
  13  0:47  Assimilator  
  13  0:53  Gateway, Probe  
  14  0:58  Forge  
  14  1:05  Probe  
  14  1:07  Pylon  
  15  1:17  Probe  
  16  1:29  Probe  
  17  1:41  Probe (Chrono Boost)  
  17  1:43  Cybernetics Core  
  17  1:46  Zealot  
  20  1:53  Probe (Chrono Boost)  
  21  1:57  Assimilator  
  22  2:03  Probe (Chrono Boost)  
  22  2:13  Zealot  
  24  2:22  Probe (Chrono Boost)  
  25  2:32  Protoss Ground Weapons Level 1  
  25  2:34  Probe (Chrono Boost)  
  26  2:40  Zealot  
  28  2:46  Probe  
  29  2:55  Pylon  
  29  3:03  Stargate  
  29  3:06  Probe  
  30  3:13  Zealot  
  30  3:18  Probe  
  33  3:25  Photon Cannon  
  31  3:28  Photon Cannon  
  31  3:33  Photon Cannon  
  29  3:53  Void Ray (Chrono Boost)  
  35  4:03  Sentry  
  31  4:17  Shield Battery  
  31  4:20  Photon Cannon  
  29  4:29  Zealot  
  29  4:30  Probe  
  32  4:44  Pylon  
  31  4:51  Probe  
  31  4:58  Void Ray  
  31  5:02  Zealot  
  31  5:05  Pylon  
  37  5:11  Probe  
  38  5:21  Pylon  
  38  5:23  Probe  
  38  5:26  Protoss Shields Level 1 (Chrono Boost)  
  39  5:29  Zealot  
  41  5:43  Gateway  
  41  5:53  Probe  
  41  5:56  Zealot  
  44  6:03  Protoss Air Armor Level 1  
  44  6:05  Probe  
  45  6:13  Phoenix  
  45  6:17  Probe  
  48  6:42  Nexus  
  48  6:47  Stalker  
  50  6:58  Zealot  
  50  7:01  Twilight Council  
  31  7:37  Stalker  
  20  8:13  Nexus  
  20  8:16  Pylon  
  20  8:41  Nexus  
  20  8:45  Pylon  
Tags
 
Add a new tag
Caveats
  • Supply blocks, unpowered buildings, or Contaminate may cause inaccurate times.
  • Supply counts are checked every 10 seconds.